 Dungeon Sprint DCSS version 0.22.1-1-ga44c0e56f4 (webtiles) character file.

2672 MuseOD the Unseen (level 9, -4/51 HPs)
             Began as a Spriggan Enchanter on Sept 30, 2018.
             Was a Priest of Dithmenos.
             Shot with an arrow by a centaur (6 damage)
             ... in the Dungeon (Sprint III: "The Ten Rune Challenge").
             The game lasted 00:02:49 (1128 turns).

MuseOD the Unseen (Spriggan Enchanter)              Turns: 1128, Time: 00:02:49

Health: -4/51      AC:  2    Str:  4    XL:     9   Next: 37%
Magic:  13/25      EV: 18    Int: 19    God:    Dithmenos [***...]
Gold:   42         SH:  0    Dex: 17    Spells: 21/30 levels left

rFire    . . .     SeeInvis +   a - +1 dagger
rCold    . . .     Gourm    .   (shield restricted)
rNeg     . . .     Faith    .   b - +0 robe
rPois    .         Spirit   .   (helmet restricted)
rElec    .         Reflect  .   (no cloak)
rCorr    .         Harm     .   (gloves unavailable)
MR       +....     NoTele   +   (boots unavailable)
Stlth    ++++++++..             (no amulet)
HPRegen  0.17/turn              (no ring)
MPRegen  0.19/turn              (no ring)

@: very slightly contaminated, wreathed by umbra, very quick
A: very small, unfitting armour, see invisible, herbivore, speed 3, slow
metabolism 2
a: Shadow Step, Renounce Religion


You were in the Dungeon.
You worshipped Dithmenos.
Dithmenos was most pleased with you.
You were not hungry.

You visited 1 branch You collected 42 gold pieces.

Inventory:

Hand Weapons
 a - a +1 dagger (weapon)
Armour
 b - a +0 robe (worn)
Scrolls
 c - 7 scrolls of identify
 j - a scroll of blinking
 l - a scroll of holy word {unknown}
 m - a scroll of remove curse {unknown}
 p - a scroll of torment {unknown}
Potions
 e - a potion of curing
 f - a potion of heal wounds
 g - a potion of haste
 h - 2 potions of magic
 i - 2 potions of berserk rage
 k - 5 potions of mutation
 n - a potion of brilliance {unknown}
 o - 2 potions of flight {unknown}
Comestibles
 d - 4 rations


   Skills:
 + Level 8.3 Fighting
 * Level 14.5 Short Blades
 - Level 3.0 Dodging
 + Level 15.0 Stealth
 + Level 11.4 Spellcasting
 - Level 3.6 Hexes


You had 21 spell levels left.
You knew the following spells:

 Your Spells              Type           Power        Failure   Level  Hunger
a - Corona                Hex            ###....      1%          1    None
b - Ensorcelled Hibernat  Hex/Ice        ###...       4%          2    None
c - Confuse               Hex            ###.....     4%          3    None
d - Dazzling Spray        Conj/Hex       ###...       9%          3    None

Your spell library contained the following spells:

 Spells                   Type           Power        Failure   Level  Hunger
 Confusing Touch          Hex            ###...       1%          1    None
 Tukima's Dance           Hex            ###.....     4%          3    None
 Animate Skeleton         Necr           N/A          6%          1    None
 Apportation              Tloc           ##....       6%          1    None
 Summon Small Mammal      Summ           ##..         6%          1    None


Dungeon Overview and Level Annotations

Branches:
Dungeon (1/1)

Altars:
Dithmenos
Elyvilon
Kikubaaqudgha
Okawaru
Ru
Sif Muna
Trog
Uskayaw
Vehumet
Wu Jian
Yredelemnul
Zin
The Shining One
Beogh


Innate Abilities, Weirdness & Mutations

You are very small and have problems with some larger weapons.
You are too small for most types of armour.
You have supernaturally acute eyesight. (SInv)
You are a herbivore.
You cover ground extremely quickly.
You need to consume almost no food.


Message History

Your Spellcasting skill increases to level 11!
The centaur shoots an arrow.
The arrow hits you!
* * * LOW HITPOINT WARNING * * *
Casting: Confuse (safe; 4% risk of failure)
Confirm with . or Enter, or press ? or * to list all spells.
Aiming: Confuse (safe; 4% risk of failure)
Press: ? - help, Shift-Dir - straight line, f/p - centaur
Aim: a centaur, wielding a shortbow (heavily wounded, umbra, chance to defeat The centaur resists with significant effort.
The centaur shoots an arrow.
The arrow closely misses you.
You start resting.
The centaur is too close now for your liking.
Casting: Confuse (safe; 4% risk of failure)
Confirm with . or Enter, or press ? or * to list all spells.
Aiming: Confuse (safe; 4% risk of failure)
Press: ? - help, Shift-Dir - straight line, f/p - centaur
Aim: a centaur, wielding a shortbow (heavily wounded, umbra, chance to defeat The centaur resists with significant effort.
The centaur shoots an arrow.
The arrow hits you.
You die...

__#___#__#
..#__)#._#
#'#'###'##
.........#
⌠........#
..######'# ⌠.#
#...#+#############
..#
#...#.§§§§'.#)c.c.+
### #...#.#§§§#@#(#
))# #...'.#.§.#.#.#
__# +...#.#§§§#.c.#
▓▓▓ ▓▓▓▓▓▓▓▓▓▓▓▓▓▓▓


You could see a centaur.

Vanquished Creatures
  Snorg (D)
  A centaur warrior (D)
  A deep elf mage (D)
  A shadow (D)
  A necrophage (D)
  A centaur (D)
  An earth elemental (D)
  A jelly (D)
  A wizard (D)
  Jessica (D)
  A necromancer (D)
  A kobold demonologist (D)
  3 humans (D)
  A wolf (D)
  An ooze (D)
  2 rats (D)
19 creatures vanquished.

Vanquished Creatures (others)
  2 draconian scorchers (D)
  6 hellions (D)
  2 yaktaurs (D)
  3 plants (D)
13 creatures vanquished.

Grand Total: 32 creatures vanquished

Notes
Turn   | Place    | Note
-------+----------+-------------------------------------------
     0 | D        | MuseOD the Spriggan Enchanter began the quest for the Orb.
     0 | D        | Reached XP level 1. HP: 9/9 MP: 5/5
     4 | D        | Reached skill level 1 in Fighting
     4 | D        | Reached skill level 5 in Stealth
    51 | D        | Noticed Jessica
    54 | D        | Killed Jessica
    54 | D        | Reached skill level 6 in Stealth
    54 | D        | Reached XP level 2. HP: 15/15 MP: 6/6
    54 | D        | Reached XP level 3. HP: 18/18 MP: 8/8
    61 | D        | Learned a level 2 spell: Ensorcelled Hibernation
    65 | D        | Learned a level 3 spell: Confuse
    83 | D        | Reached skill level 5 in Short Blades
    83 | D        | Reached skill level 7 in Stealth
   108 | D        | Killed a hellion
   110 | D        | Killed a hellion
   136 | D        | Killed a hellion
   138 | D        | Killed a hellion
   138 | D        | Killed a hellion
   151 | D        | Learned a level 3 spell: Dazzling Spray
   177 | D        | Killed a yaktaur
   194 | D        | Noticed a water elemental
   230 | D        | Killed a hellion
   242 | D        | Killed a white draconian scorcher
   266 | D        | Killed a white draconian scorcher
   327 | D        | Killed a yaktaur
   515 | D        | Found a basalt altar of Yredelemnul.
   515 | D        | Found a shadowy altar of Dithmenos.
   515 | D        | Found a sacrificial altar of Ru.
   515 | D        | Noticed a necrophage
   515 | D        | Noticed a necromancer
   517 | D        | Killed a necromancer
   517 | D        | Reached XP level 4. HP: 24/24 MP: 11/11
   518 | D        | Killed a necrophage
   518 | D        | Reached skill level 9 in Stealth
   518 | D        | Reached skill level 5 in Spellcasting
   518 | D        | Reached XP level 5. HP: 29/29 MP: 11/13
   522 | D        | Became a worshipper of Dithmenos the Shadowed
   540 | D        | Found a glowing silver altar of Zin.
   540 | D        | Found a glowing golden altar of the Shining One.
   540 | D        | Found a white marble altar of Elyvilon.
   540 | D        | Noticed a deep elf mage
   543 | D        | Killed a deep elf mage
   543 | D        | Reached skill level 5 in Fighting
   543 | D        | Reached skill level 10 in Short Blades
   543 | D        | Reached skill level 11 in Stealth
   543 | D        | Reached XP level 6. HP: 36/36 MP: 14/18
   543 | D        | Reached XP level 7. HP: 39/39 MP: 14/19
   577 | D        | Found a hide-covered altar of Uskayaw.
   577 | D        | Found a roughly hewn altar of Beogh.
   577 | D        | Found an iron altar of Okawaru.
   577 | D        | Found a bloodstained altar of Trog.
   577 | D        | Found an ornate altar of the Wu Jian Council.
   577 | D        | Noticed a human
   578 | D        | Noticed a human
   587 | D        | Killed a human
   587 | D        | Reached skill level 12 in Stealth
   613 | D        | Killed a human
   613 | D        | Reached * piety under Dithmenos
   929 | D        | Found a radiant altar of Vehumet.
   930 | D        | Found a deep blue altar of Sif Muna.
   930 | D        | Found an ancient bone altar of Kikubaaqudgha.
  1049 | D        | Noticed a shadow
  1054 | D        | Killed a shadow
  1054 | D        | Reached ** piety under Dithmenos
  1054 | D        | Reached XP level 8. HP: 43/45 MP: 18/22
  1080 | D        | Noticed Snorg
  1082 | D        | Killed Snorg
  1082 | D        | Reached skill level 14 in Stealth
  1082 | D        | Reached skill level 10 in Spellcasting
  1099 | D        | Reached *** piety under Dithmenos
  1099 | D        | Reached XP level 9. HP: 51/51 MP: 20/24
  1111 | D        | Noticed a centaur warrior
  1121 | D        | Killed a centaur warrior
  1121 | D        | Reached skill level 15 in Stealth
  1121 | D        | HP: 1/51 [centaur/arrow (16)]
  1128 | D        | Shot with an arrow by a centaur

Skill      XL: |  1  2  3  4  5  6  7  8  9 |
---------------+----------------------------+-----
Fighting       | 2 3 5 6 7 8 |  8.3
Short Blades   | 4 6 7 10 12 13 14 | 14.5
Stealth        | 6 7 9 11 12 14 15 | 15.0
Spellcasting   | 4 5 8 9 10 11 | 11.4
Dodging        | |  3.0
Hexes          | |  3.6

Action                   |  1- 3 |  4- 6 |  7- 9 || total
-------------------------+-------+-------+-------++-------
Melee: Dagger            |     7 |     2 |    28 ||    37
 Cast: Ensorcelled Hiber |     3 |       |     1 ||     4
       Dazzling Spray    |     2 |       |     1 ||     3
       Confuse           |       |       |    10 ||    10
 Stab: Sleeping          |     6 |     2 |     5 ||    13
       Confused          |       |       |     6 ||     6
Armor: Robe              |       |       |     1 ||     1
Dodge: Dodged            |     2 |       |    16 ||    18
